 Dungeon Crawl Stone Soup version 0.17.0-28-g6e173f8 (webtiles) character file.

26505 R18 the Grappler (level 12, 0/107 HPs)
             Began as a Troll Monk on Nov 29, 2015.
             Was a High Priest of Dithmenos.
             Hit by a javelin of penetration thrown by Urug (19 damage)
             ... on level 3 of the Orcish Mines.
             The game lasted 00:31:25 (10436 turns).

R18 the Grappler (Troll Monk)                      Turns: 10436, Time: 00:31:25

Health: 0/107      AC:  7    Str: 22    XL:     12   Next: 98%
Magic:  11/11      EV: 10    Int: 10    God:    Dithmenos [*****.]
Gold:   209        SH: 11    Dex: 12    Spells: 0 memorised, 11 levels left

rFire  . . .     SeeInvis +     b - +5 demon trident
rCold  . . .     Clarity  .     a - +0 robe
rNeg   . . .     SustAt   .     J - +0 shield
rPois  +         Gourm    +     (helmet restricted)
rElec  .         Spirit   .     E - +1 cloak {rPois}
rCorr  .         Warding  .     (gloves unavailable)
rMut   +         Stasis   .     (boots unavailable)
MR     .....                    q - amulet of resist mutation
Stlth  ++........               (no ring)
                                t - ring of see invisible (curse)

@: very slightly contaminated, hasted, wreathed by umbra, very quick, not
resistant to hostile enchantments, unstealthy
A: unfitting armour, claws 3, fast metabolism 3, gourmand, poison resistance,
regeneration 2, shaggy fur 1, tough skin 2
a: Shadow Step, Shadow Form, Renounce Religion


You were on level 3 of the Orcish Mines.
You worshipped Dithmenos.
Dithmenos was extremely pleased with you.
You were very full.

You visited 3 branches of the dungeon, and saw 15 of its levels.

You collected 1059 gold pieces.
You spent 850 gold pieces at shops.

Inventory:

Hand Weapons
 b - a +5 demon trident (weapon)
 m - a +0 giant club
 w - the +7 mace "Fetwa" {venom, rC- rN+ MR+}
   (You found it on level 6 of the Dungeon)

   It poisons the flesh of those it strikes.
   It makes you vulnerable to cold.
   It protects you from negative energy.
   It affects your resistance to hostile enchantments.
 D - a +4 quarterstaff of chaos
 I - a +0 blowgun
Missiles
 p - 5 tomahawks of returning
 y - 28 poisoned needles
 C - 12 tomahawks (quivered)
 K - 2 throwing nets
Armour
 a - a +0 robe (worn)
 E - a +1 cloak of poison resistance (worn)
 J - a +0 shield (worn)
Jewellery
 q - an amulet of resist mutation (around neck)
 t - a cursed ring of see invisible (left claw)
 P - an uncursed amulet of clarity {unknown}
Wands
 d - a wand of digging (8)
 u - a wand of enslavement (2)
 x - a wand of slowing (16)
 A - a wand of lightning (6)
 B - a wand of paralysis (4)
 H - a wand of disintegration (11)
 L - a wand of hasting (2)
 N - a wand of frost (11)
Scrolls
 e - 2 scrolls of amnesia
 g - 2 scrolls of recharging
 h - 7 scrolls of remove curse
 k - 3 scrolls of blinking
 F - 3 scrolls of teleportation
 M - 3 scrolls of magic mapping
Potions
 c - a potion of mutation
 i - 6 potions of curing
 j - a potion of agility
 r - a potion of resistance
 s - a potion of brilliance
 z - a potion of magic
Books
 o - a book of Geomancy

   Spells                             Type                      Level
   a - Sandblast                      Earth                        1
   b - Stoneskin                      Transmutation/Earth          2
   c - Passwall                       Transmutation/Earth          3
   d - Stone Arrow                    Conjuration/Earth            3
   e - Petrify                        Transmutation/Earth          4
   f - Lee's Rapid Deconstruction     Earth                        5
 G - a book of Minor Magic

   Spells                             Type                      Level
   a - Magic Dart                     Conjuration                  1
   b - Blink                          Translocation                2
   c - Call Imp                       Summoning                    2
   d - Repel Missiles                 Charms/Air                   2
   e - Slow                           Hexes                        2
   f - Conjure Flame                  Conjuration/Fire             3
   g - Mephitic Cloud                 Conjuration/Poison/Air       3
Comestibles
 f - 2 meat rations
 n - 17 bread rations
 v - 10 beef jerkies
 O - a slice of pizza


   Skills:
 - Level 4.0 Fighting
 - Level 6.3 Maces & Flails
 * Level 7.6 Polearms
 - Level 2.4 Dodging
 - Level 1.1 Stealth
 - Level 10.0 Shields
 - Level 12.9 Unarmed Combat


You had 11 spell levels left.
You didn't know any spells.

Dungeon Overview and Level Annotations

Branches:
Dungeon (11/15)            Temple (1/1) D:4            Lair (0/8) D:11
    Orc (3/4) D:11
    Elf: Orc:3-4

Altars:
Ashenzari
Dithmenos
Elyvilon
Fedhas
Gozag
Kikubaaqudgha
Nemelex Xobeh
Okawaru
Qazlal
Ru
Zin
The Shining One

Shops:
D:9 *   Orc:3 }

Annotations:
Orc:3 Urug


Innate Abilities, Weirdness & Mutations

You are too large for most types of armour.
You have claws for hands.
Your metabolism is lightning-fast.
You like to eat raw meat.
You heal very quickly.
You are covered in fur (AC +1).
You have very tough skin (AC +2).
Your system is resistant to poisons.


Message History

Attack whom?
Press: ? - help, Dir - move target cursor, f - Urug
Aim: Urug, wielding a great sword and wearing a chain mail (black smoke, severely wounded, umbra)
You reach to attack!
You closely miss Urug.
Urug is severely wounded.
The orc closely misses you.
Attack whom?
Press: ? - help, Dir - move target cursor, f/p - Urug
Aim: Urug, wielding a great sword and wearing a chain mail (black smoke, severely wounded, umbra)
You reach to attack!
You hit Urug but do no damage.
Urug is severely wounded.
The orc closely misses you.
Attack whom?
Press: ? - help, Dir - move target cursor, f/p - Urug
Aim: Urug, wielding a great sword and wearing a chain mail (black smoke, severely wounded, umbra)
You reach to attack!
You closely miss Urug.
Urug is severely wounded.
Urug throws a javelin of penetration.
The javelin of penetration pierces through you!!
You die...

.###...............
...................
...................
.....>.............
......§....∩.......
......§§.#[......#..
..#...§§o##.........
.$.....§§o§§.........
$......§§o@§.........
.#.....§§.§§§.....#..
..#.#.......)......$.
$............$...#..
#...............#...
#......[.......(##.#
.......<>...........
..#....)[........#
...........$......


You could see Urug and 2 orcs.

Vanquished Creatures
  Maud (D:11)
  A hydra (D:10)
  Erolcha (D:10)
  The ghost of Clownie the Peltast, a journeyman FoFi of the Shining One (D:9)
  6 hill giants
  Pikel (D:9)
  An orc knight (Orc:1)
  The ghost of Wutend the Slasher, a novice OpFi (D:5)
  An elephant (D:11)
  A troll (Orc:2)
  2 wolves (D:9)
  Sigmund (D:4)
  3 yaks (D:10)
  2 humans (D:8)
  Grum (D:9)
  3 hungry ghosts
  2 wargs
  3 slaves (D:9)
  An ice beast (D:9)
  2 black bears
  2 sky beasts
  A centaur (D:7)
  5 orc warriors
  12 ogres
  A necrophage (D:5)
  A crocodile (D:11)
  A gnoll sergeant (D:10)
  6 scorpions
  5 giant frogs
  6 killer bees (D:11)
  2 giant frog zombies
  A jelly (D:8)
  A centaur zombie (D:7)
  5 crimson imps
  3 hounds
  A quasit (D:8)
  Crazy Yiuf (D:6)
  2 centaur skeletons
  6 orc priests
  Jessica (D:3)
  A giant frog skeleton (D:8)
  2 iguanas (D:4)
  11 worker ants
  23 orc wizards
  A sheep (D:11)
  2 worker ant zombies
  Robin (D:3)
  16 adders
  10 gnolls
  2 shadow imps
  2 adder skeletons
  2 worms
  5 giant geckos
  102 orcs
  11 hobgoblins
  12 jackals
  7 kobolds
  5 quokkas
  13 bats
  6 giant cockroaches
  3 giant newts
  13 goblins
  A quokka skeleton (D:6)
  9 rats
  3 rat zombies (D:9)
361 creatures vanquished.

Vanquished Creatures (others)
  A slave (D:9)
1 creature vanquished.

Grand Total: 362 creatures vanquished

Notes
Turn   | Place    | Note
--------------------------------------------------------------
     0 | D:1      | R18 the Troll Monk began the quest for the Orb.
     0 | D:1      | Reached XP level 1. HP: 22/22 MP: 0/0
   205 | D:1      | Reached XP level 2. HP: 29/29 MP: 1/1
   353 | D:1      | Reached skill level 1 in Shields
   723 | D:1      | Reached XP level 3. HP: 36/36 MP: 2/2
   860 | D:2      | Found a sacrificial altar of Ru.
   870 | D:2      | Reached skill level 5 in Unarmed Combat
   941 | D:2      | Reached XP level 4. HP: 44/44 MP: 3/3
  1047 | D:2      | Found a shattered altar of Ashenzari.
  1162 | D:2      | Found a white marble altar of Elyvilon.
  1868 | D:3      | Noticed Robin
  1914 | D:3      | Killed Robin
  1914 | D:3      | Reached XP level 5. HP: 44/50 MP: 4/4
  1995 | D:3      | Noticed Jessica
  2033 | D:3      | Killed Jessica
  2176 | D:3      | Found a stormy altar of Qazlal.
  2224 | D:4      | Noticed Sigmund
  2227 | D:4      | Reached skill level 6 in Unarmed Combat
  2252 | D:4      | Killed Sigmund
  2252 | D:4      | Reached XP level 6. HP: 36/59 MP: 5/5
  2388 | D:4      | Found a staircase to the Ecumenical Temple.
  2403 | D:4      | Noticed an ogre
  2411 | D:4      | Killed an ogre
  2411 | D:4      | Reached skill level 7 in Unarmed Combat
  2501 | Temple   | Entered the Ecumenical Temple
  2505 | Temple   | Became a worshipper of Dithmenos the Shadowed
  2505 | Temple   | Reached * piety under Dithmenos
  2505 | Temple   | Reached ** piety under Dithmenos
  2601 | D:4      | Reached XP level 7. HP: 59/66 MP: 6/6
  3320 | D:5      | Entered Level 5 of the Dungeon
  3337 | D:5      | Found a glowing silver altar of Zin.
  3457 | D:5      | Reached skill level 8 in Unarmed Combat
  3598 | D:5      | Reached XP level 8. HP: 66/74 MP: 7/7
  3918 | D:5      | Reached skill level 5 in Shields
  4147 | D:5      | Noticed Wutend's ghost (novice OpFi)
  4172 | D:5      | Killed Wutend's ghost
  4172 | D:5      | Reached skill level 9 in Unarmed Combat
  4511 | D:6      | Found a glowing golden altar of the Shining One.
  4594 | D:6      | Got a scorched mace
  4595 | D:6      | Identified the +7 mace "Fetwa" {venom, rC- rN+ MR+} (You found it on level 6 of the Dungeon)
  4603 | D:6      | Noticed Crazy Yiuf
  4615 | D:6      | Killed Crazy Yiuf
  4677 | D:6      | Reached *** piety under Dithmenos
  4872 | D:6      | Reached XP level 9. HP: 67/80 MP: 8/8
  5276 | D:7      | Reached skill level 10 in Unarmed Combat
  6033 | D:8      | Reached **** piety under Dithmenos
  6339 | D:8      | Reached skill level 11 in Unarmed Combat
  6340 | D:8      | Found an iron altar of Okawaru.
  6450 | D:9      | Reached XP level 10. HP: 88/88 MP: 9/9
  6641 | D:9      | Noticed Pikel
  6669 | D:9      | Noticed Grum
  6671 | D:9      | Killed Pikel
  6687 | D:9      | Killed Grum
  6708 | D:9      | Noticed Clownie's ghost (journeyman FoFi)
  6740 | D:9      | Killed Clownie's ghost
  6783 | D:9      | Found an ancient bone altar of Kikubaaqudgha.
  6849 | D:9      | Found Gumav's General Store.
  6859 | D:9      | Reached skill level 12 in Unarmed Combat
  6889 | D:9      | Gained mutation: Your system is resistant to poisons. [potion of beneficial mutation]
  7149 | D:10     | Entered Level 10 of the Dungeon
  7175 | D:10     | Noticed a hill giant
  7201 | D:10     | Killed a hill giant
  7401 | D:10     | Noticed Erolcha
  7435 | D:10     | Killed Erolcha
  7435 | D:10     | Reached XP level 11. HP: 51/94 MP: 10/10
  7439 | D:10     | Noticed a seven-headed hydra
  7462 | D:10     | Killed a nine-headed hydra
  7462 | D:10     | Reached skill level 10 in Shields
  7500 | D:10     | Noticed a hill giant
  7508 | D:10     | Killed a hill giant
  7508 | D:10     | Reached skill level 1 in Maces & Flails
  7871 | D:10     | Noticed a hill giant
  7883 | D:10     | Killed a hill giant
  7991 | D:11     | Noticed a hill giant
  8003 | D:11     | Killed a hill giant
  8003 | D:11     | Reached ***** piety under Dithmenos
  8113 | D:11     | Found a staircase to the Orcish Mines.
  8161 | D:11     | Noticed a hill giant
  8378 | D:11     | Noticed a hill giant
  8380 | D:11     | Noticed a hill giant
  8395 | D:11     | Killed a hill giant
  8401 | D:11     | Killed a hill giant
  8699 | D:11     | Found a staircase to the Lair.
  8857 | D:11     | Noticed Maud
  8968 | D:11     | Reached skill level 5 in Maces & Flails
  9149 | D:11     | Killed Maud
  9214 | Orc:1    | Entered Level 1 of the Orcish Mines
  9230 | Orc:1    | Reached skill level 1 in Polearms
  9584 | Orc:2    | Noticed Urug
  9999 | D:9      | Bought a potion of experience for 850 gold pieces
  9999 | D:9      | Reached XP level 12. HP: 107/107 MP: 11/11
 10380 | Orc:3    | Found Tiatus's Gadget Shoppe.
 10436 | Orc:3    | Hit by a javelin of penetration thrown by Urug

Action                   |  1- 3 |  4- 6 |  7- 9 | 10-12 || total
-------------------------+-------+-------+-------+-------++-------
Melee: Unarmed           |    63 |   152 |   387 |   513 ||  1115
       Demon trident     |       |       |       |    73 ||    73
Throw: Tomahawk          |       |     1 |     9 |     8 ||    18
       Stone             |       |       |     1 |       ||     1
Evoke: Wand              |       |       |       |    17 ||    17
  Use: Scroll            |       |     6 |     8 |    12 ||    26
       Potion            |       |     2 |       |     7 ||     9
 Stab: Sleeping          |     3 |       |     8 |     4 ||    15
       Distracted        |     1 |       |       |     1 ||     2
       Paralysed         |     1 |       |       |       ||     1
       Invisible         |       |       |       |     1 ||     1
  Eat: Chunk             |    14 |    13 |    42 |    31 ||   100
       Fruit             |       |       |     2 |       ||     2
       Pizza             |       |       |     2 |       ||     2
       Meat ration       |       |       |       |     1 ||     1
